 Dungeon Crawl Stone Soup version 0.24.1 (webtiles) character file.

Game seed: 220453967677052724, levelgen mode: deterministic

315 Destapler the Magician (level 6, -6/48 HPs)
             Began as a Draconian Wanderer on Mar 27, 2020.
             Engulfed by Ijyb's flame (8 damage)
             ... on level 3 of the Dungeon.
             The game lasted 00:17:51 (3310 turns).

Destapler the Magician (Draconian Wanderer)         Turns: 3310, Time: 00:17:52

Health: -6/48      AC:  6    Str: 16    XL:     6   Next: 20%
Magic:  6/13       EV: 10    Int: 14    God:
Gold:   166        SH:  3    Dex:  9    Spells: 13/15 levels left

rFire    + . .     SeeInvis .   a - +0 dagger
rCold    + . .     Gourm    .   m - +0 buckler
rNeg     . . .     Faith    .   (armour unavailable)
rPois    .         Spirit   .   (helmet restricted)
rElec    .         Reflect  .   (no cloak)
rCorr    .         Harm     .   (no gloves)
MR       .....                  (no boots)
Stlth    +.........             (no amulet)
HPRegen  0.16/turn              g - ring of protection from fire
MPRegen  0.13/turn              (no ring)

@: no status effects
A: unfitting armour, cold resistance 1, no potion heal 1, cold-blooded, AC +6
a: no special abilities


You were on level 3 of the Dungeon.
You were not hungry.

You visited 1 branch of the dungeon, and saw 4 of its levels.

You collected 166 gold pieces.

Inventory:

Hand Weapons
 a - a +0 dagger (weapon)
Missiles
 e - 159 stones (quivered)
 h - 14 poisoned darts
 r - 8 boomerangs
Armour
 m - a +0 buckler (worn)
Jewellery
 g - a ring of protection from fire (left hand)
Wands
 d - a wand of enslavement (15)
Scrolls
 b - 2 scrolls of magic mapping {unknown}
 c - a scroll of remove curse {unknown}
 i - a scroll of identify {unknown}
 l - a scroll of blinking {unknown}
 o - a scroll of fear {unknown}
 q - 2 scrolls of enchant armour {unknown}
Potions
 k - a potion of brilliance {unknown}
 n - a potion of curing {unknown}
 t - 2 potions of flight {unknown}
 u - a potion of haste {unknown}
Comestibles
 f - 3 rations
 j - 3 chunks of flesh


   Skills:
 * Level 2.2 Fighting
 + Level 1.0 Shields
 - Level 5.1 Spellcasting
 + Level 2.4 Conjurations
   Level 2.0 Ice Magic
 + Level 1.2 Air Magic
 + Level 1.2 Poison Magic
 + Level 4.0 Evocations


You had 13 spell levels left.
You knew the following spells:

 Your Spells              Type           Power        Failure   Level  Hunger
a - Shock                 Conj/Air       #...         12%         1    None
p - Sting                 Conj/Pois      #...         12%         1    None

Your spell library contained the following spells:

 Spells                   Type           Power        Failure   Level  Hunger
 Static Discharge         Conj/Air       #.......     34%         3    ###....
 Ignite Poison            Fire/Tmut/Pois #.......     54%         3    ###....


Dungeon Overview and Level Annotations

Branches:
Dungeon (4/15)
 Temple: D:4-7

Altars:
Trog
Vehumet

Annotations:
D:3 Ijyb


Innate Abilities, Weirdness & Mutations

Your plain brown scales are hard. (AC +6)
You cannot fit into any form of body armour.
You are cold-blooded and may be slowed by cold attacks.
Your flesh is cold resistant. (rC+)
Potions are less effective at restoring your health.


Message History

You are engulfed in blazing flames.
You resist.
* * * LOW HITPOINT WARNING * * *
Casting: Shock (safe; 12% risk of failure)
Confirm with . or Enter, or press ? or * to list all spells.
Aiming: Shock (safe; 12% risk of failure)
Press: ? - help, Shift-Dir - straight line The zap hits Ijyb but does no damage.
Ijyb is lightly wounded.
The zap hits Ijyb.
Ijyb is moderately wounded.
You are engulfed in blazing flames.
You resist.
* * * LOW HITPOINT WARNING * * *
Casting: Shock (safe; 12% risk of failure)
Confirm with . or Enter, or press ? or * to list all spells.
Aiming: Shock (safe; 12% risk of failure)
Press: ? - help, Shift-Dir - straight line The zap misses Ijyb.
The zap hits Ijyb.
Ijyb is moderately wounded.
You are engulfed in blazing flames.
You resist.
You die...

#####.#.. #.w...w..
#g# .
####§############## #
#..§@§..........).###
#.#§###..########.##.
# #§ #..#......#....
#. #.........###.. #.
##.##.#######.. #.
#............. #.
#####.##...####. ..
#..........# #..
#..........###..


You could see Ijyb and a worm.

Vanquished Creatures
  Grinder (D:3)
  A centaur skeleton (D:4)
  3 adders (D:3)
  2 oozes
  A dart slug (D:3)
  A worm (D:2)
  2 leopard geckos
  An orc (D:3)
  2 giant cockroaches (D:1)
  9 goblins
  8 hobgoblins
  2 jackals (D:3)
  4 kobolds
  9 bats
  A frilled lizard (D:2)
  6 rats
53 creatures vanquished.

Vanquished Creatures (others)
  A goblin (D:3)
  A rat (D:3)
2 creatures vanquished.

Grand Total: 55 creatures vanquished

Notes
Turn   | Place    | Note
-------+----------+-------------------------------------------
     0 | D:1      | Destapler the Draconian Wanderer began the quest for the
                  | Orb.
     0 | D:1      | Destapler set off with the following items: a +0 club, a
                  | wand of enslavement (15), a ration; and the following
                  | spells available to memorise: Shock, Sting, Static
                  | Discharge, Ignite Poison
     0 | D:1      | Reached XP level 1. HP: 14/14 MP: 5/5
     2 | D:1      | Learned a level 1 spell: Shock
     4 | D:1      | Learned a level 1 spell: Sting
   218 | D:1      | Reached XP level 2. HP: 8/20 MP: 1/7
  1148 | D:2      | You fall into a shaft and drop 2 floors!
  1162 | D:4      | Reached XP level 3. HP: 8/26 MP: 0/9
  1760 | D:2      | Reached XP level 4. HP: 33/33 MP: 7/10
  2516 | D:3      | Found a bloodstained altar of Trog.
  2874 | D:3      | Noticed Grinder
  2884 | D:3      | Paralysed by Grinder for 2 turns
  2886 | D:3      | Gained mutation: Potions are less effective at restoring
                  | your health. [potion of mutation]
  2886 | D:3      | Gained mutation: Your flesh is cold resistant. (rC+)
                  | [potion of mutation]
  2888 | D:3      | Paralysed by Grinder for 3 turns
  2893 | D:3      | Killed Grinder
  2893 | D:3      | Reached skill level 1 in Shields
  2893 | D:3      | Reached skill level 5 in Spellcasting
  2893 | D:3      | Reached skill level 1 in Air Magic
  2893 | D:3      | Reached skill level 1 in Poison Magic
  2893 | D:3      | Reached XP level 5. HP: 11/41 MP: 3/12
  2893 | D:3      | Reached XP level 6. HP: 14/48 MP: 3/13
  3264 | D:3      | Found a radiant altar of Vehumet.
  3301 | D:3      | Noticed Ijyb
  3309 | D:3      | HP: 2/48 [Ijyb] (14)]
  3310 | D:3      | Engulfed by Ijyb's flame

Levels and vault maps discovered:
D:1:      erik_arrival_blinker_ship, layout_loops_corners
D:2:      layout_loops_corners, serial_glass, glass_columns_a, glass_columns_c,
          minmay_goblin_kobold_house
D:3:      layout_basic, bloody_trog, fiery_altar_vehumet, uniq_grinder,
          uniq_ijyb
D:4:      kb_forest_paths, layout_basic, first_ration

Skill      XL: |  1  2  3  4 |
---------------+-------------+-----
Evocations     | 3 4 |  4.0
Fighting       | 2 |  2.2
Shields        | 1 |  1.0
Spellcasting   | 5 |  5.1
Air Magic      | 1 |  1.2
Poison Magic   | 1 |  1.2
Conjurations   | |  2.4
Ice Magic      | |  2.0

Action                   |  1- 3 |  4- 6 || total
-------------------------+-------+-------++-------
Melee: Club              |    80 |    37 ||   117
       Tailslap          |     4 |     8 ||    12
       Dagger            |       |    13 ||    13
Throw: Stone             |     1 |     4 ||     5
 Cast: Shock             |    27 |    46 ||    73
       Sting             |     8 |    18 ||    26
  Use: Potion            |       |     2 ||     2
  Eat: Chunk             |     3 |     5 ||     8
Armor: Skin              |    44 |    31 ||    75
Dodge: Dodged            |    83 |    55 ||   138
Block: Buckler           |       |     1 ||     1
